 Dungeon Crawl Stone Soup version 0.23-a0-650-ga4d50d4 (webtiles) character file.

51 Blackhawk the Chopper (level 3, -1/34 HPs)
             Began as a Hill Orc Monk on Jan 5, 2019.
             Was a Believer of Ru.
             Slain by Crazy Yiuf
             ... wielding a +3 quarterstaff of chaos
              (12 damage)
             ... on level 2 of the Dungeon.
             The game lasted 00:03:14 (2139 turns).

Blackhawk the Chopper (Hill Orc Monk)               Turns: 2139, Time: 00:03:14

Health: -1/34      AC:  2    Str: 14    XL:     3   Next: 83%
Magic:  3/3        EV: 13    Int: 10    God:    Ru [**....]
Gold:   7          SH:  0    Dex: 13    Spells: 2/2 levels left

rFire    . . .     SeeInvis .   g - +2 dagger (elec)
rCold    . . .     Gourm    .   (no shield)
rNeg     . . .     Faith    .   b - +0 robe
rPois    .         Spirit   .   (no helmet)
rElec    .         Reflect  .   (no cloak)
rCorr    .         Harm     .   (no gloves)
MR       .....                  (no boots)
Stlth    ++........             d - amulet of magic regeneration
HPRegen  0.11/turn              (no ring)
MPRegen  0.33/turn              (no ring)

@: lethally poisoned (-1 -> -5)
A: inexperienced 1
a: Renounce Religion


You were on level 2 of the Dungeon.
You worshipped Ru.
Ru was pleased with you.
You were not hungry.

You visited 1 branch of the dungeon, and saw 2 of its levels.

You collected 7 gold pieces.

Inventory:

Hand Weapons
 a - a +0 hand axe
 g - a +2 dagger of electrocution (weapon)
Armour
 b - a +0 robe (worn)
Jewellery
 d - an amulet of magic regeneration (around neck)
 j - a +3 ring of dexterity {unknown}
Scrolls
 e - 4 scrolls of fog {unknown}
 h - 3 scrolls of teleportation {unknown}
 l - a scroll of immolation {unknown}
 m - 4 scrolls of identify {unknown}
 n - a scroll of remove curse {unknown}
Potions
 i - a potion of berserk rage {unknown}
 k - a potion of haste {unknown}
Comestibles
 c - 8 rations
 f - 3 chunks of flesh


   Skills:
 + Level 4.4 Fighting
 + Level 4.8 Axes
 + Level 3.0 Dodging
 + Level 2.4 Stealth


You had 2 spell levels left.
You didn't know any spells.
Your spell library was empty.

Dungeon Overview and Level Annotations

Branches:
Dungeon (2/15)

Altars:
Fedhas
Gozag
Ru
Wu Jian

Annotations:
D:2 exclusion: oklob plant, Crazy Yiuf


Innate Abilities, Weirdness & Mutations

You are somewhat inexperienced. (-2 XL)


Message History

Crazy Yiuf hits you with a +3 quarterstaff of chaos.
You are poisoned.
You hit Crazy Yiuf.
Crazy Yiuf is moderately wounded.
You feel sick.
You closely miss Crazy Yiuf.
Crazy Yiuf is moderately wounded.
You feel sick.
Crazy Yiuf hits you with a +3 quarterstaff of chaos!
* * * LOW HITPOINT WARNING * * *
Crazy Yiuf draws strength from your wounds!
You barely miss Crazy Yiuf.
Crazy Yiuf is moderately wounded.
Crazy Yiuf yells, "Candle tea eyeball!"
Crazy Yiuf closely misses you.
You hit Crazy Yiuf.
Crazy Yiuf is moderately wounded.
Crazy Yiuf laughs, "Hack alas pontify!"
Crazy Yiuf hits you with a +3 quarterstaff of chaos!
You die...

##.....##.###.##...###.###.#.#
##...###.# #.###...##.# #...รท
##.## ### ### ###....# #..##
### ###### #..## ##### #>...
#).)# #### #.... #)))# #..#
##... #)g)# ##.# #.... #@#
##.## #.... ##)# #.#.## #....
#)## ####.###.... ##)#
##.##.... #)## ####.#######
##)## #.#......### #)..##
##.###...... #....#
#.......### #....#
##..#.....##


You could see Crazy Yiuf.

Vanquished Creatures
  2 adders (D:2)
  An ooze (D:1)
  A worm (D:2)
  4 dart slugs
  3 leopard geckos
  A ball python (D:1)
  7 hobgoblins
  4 jackals (D:1)
  2 quokkas (D:2)
  4 bats
  4 frilled lizards
  6 goblins
  6 kobolds
  10 rats
55 creatures vanquished.

Notes
Turn   | Place    | Note
-------+----------+-------------------------------------------
     0 | D:1      | Blackhawk the Hill Orc Monk began the quest for the Orb.
     0 | D:1      | Reached XP level 1. HP: 19/19 MP: 1/1
    50 | D:1      | Reached XP level 2. HP: 18/27 MP: 2/2
   592 | D:1      | Reached XP level 3. HP: 30/33 MP: 3/3
  1084 | D:2      | Found a sacrificial altar of Ru.
  1124 | D:2      | Became a worshipper of Ru the Awakened
  1144 | D:2      | Gained mutation: You are somewhat inexperienced. (-2 XL)
                  | [Ru sacrifice]
  1144 | D:2      | Reached XP level 2. HP: 27/27 MP: 2/2
  1144 | D:2      | Reached XP level 1. HP: 20/20 MP: 1/1
  1144 | D:2      | Reached * piety under Ru
  1144 | D:2      | Reached ** piety under Ru
  1189 | D:2      | Reached XP level 2. HP: 27/27 MP: 2/2
  1244 | D:2      | Reached XP level 3. HP: 33/33 MP: 3/3
  1291 | D:2      | Found an ornate altar of the Wu Jian Council.
  1528 | D:2      | Found a runed door.
  1744 | D:2      | Found an opulent altar of Gozag.
  1994 | D:2      | Found a blossoming altar of Fedhas.
  2020 | D:2      | Noticed an oklob plant
  2130 | D:2      | Noticed Crazy Yiuf
  2139 | D:2      | Slain by Crazy Yiuf

Vault maps used:
D:1:      dpeg_arrival_rhombus
D:2:      old_standard_altar, marbit_many_paths, tgw_fedhas,
          nicolae_ru_sacrificial_ziggurat, kennysheep_generic_room_8,
          uniq_crazy_yiuf_cottage

Skill      XL: |  1  2  3 |
---------------+----------+-----
Stealth        | 2 |  2.4
Fighting       | 4 |  4.4
Dodging        | 3 |  3.0
Axes           | |  4.8

Action                   || total
-------------------------++-------
Melee: Hand axe          ||    89
       Dagger            ||    72
Invok: Sacrifice Experie ||     1
 Stab: Sleeping          ||     8
  Eat: Chunk             ||     4
Armor: Robe              ||    22
Dodge: Dodged            ||   107

Table legend:
 A = Non-vault XP
 B = Vault XP
 C = Vault XP percentage of total XP
 D = Non-vault monster count
 E = Vault monster count
 F = Vault count percentage of total count
                 A         B        C        D         E       F
            +---------+---------+-------+---------+---------+-------
      Total |     130 |       2 |   1.5 |      54 |       1 |   1.8
            +---------+---------+-------+---------+---------+-------
        D:1 |      62 |       0 |   0.0 |      31 |       0 |   0.0
        D:2 |      68 |       2 |   2.9 |      23 |       1 |   4.2
            +---------+---------+-------+---------+---------+-------
